 Dungeon Crawl Stone Soup version 0.30-a0-1085-g990a428a5c (webtiles) character file.

Game seed: 10622225432754970951

931 Aneyh the Carver (level 8, -1/51 HPs)
             Began as a Tengu Monk on Apr 16, 2023.
             Slain by Duvessa
             ... wielding a +0 rapier
              (12 damage)
             ... on level 5 of the Dungeon.
             The game lasted 00:06:30 (3831 turns).

Aneyh the Carver (Tengu Monk)                       Turns: 3831, Time: 00:06:30

Health: -1/51      AC:  3    Str: 12    XL:     8   Next: 11%
Magic:  9/9        EV: 16    Int: 11    God:
Gold:   162        SH:  0    Dex: 18    Spells: 7/7 levels left

rFire   . . .      SeeInvis .    x - +0 scimitar
rCold   . . .      Faith    .    d - orb {light}
rNeg    . . .      Spirit   .    b - +0 robe
rPois   .          Reflect  .    (helmet restricted)
rElec   .          Rampage  .    (no cloak)
rCorr   .                        j - +0 pair of gloves
Will    .....                    (boots unavailable)
Stlth   +                        (no amulet)
HPRegen 0.28/turn                (no ring)
MPRegen 0.11/turn                (no ring)

@: confused, ambrosia-drunk, flying quickly and evasively, glowing, quick
A: beak, talons 3, nimble flight
a: no special abilities


You were on level 5 of the Dungeon.
You visited 1 branch of the dungeon, and saw 5 of its levels.

You collected 162 gold pieces.

Inventory:

Hand Weapons
 a - a +0 falchion
 i - a +0 hand axe
 r - a +4 mace
 x - a +0 scimitar (weapon)
 y - a +0 war axe
 B - a +0 shortbow
Missiles
 s - 3 poisoned darts (quivered)
Armour
 b - a +0 robe (worn)
 d - an orb of light (worn)
 j - a +0 pair of gloves (worn)
Jewellery
 h - an amulet of faith
 m - a ring of wizardry
 u - an amulet of reflection
Scrolls
 e - 5 scrolls of teleportation {unknown}
 f - a scroll of fog {unknown}
 k - 6 scrolls of identify {unknown}
 p - a scroll of magic mapping {unknown}
 t - a scroll of fear {unknown}
 A - a scroll of silence {unknown}
Potions
 g - 3 potions of heal wounds {unknown}
 l - a potion of invisibility {unknown}
 n - 2 potions of curing {unknown}
 o - a potion of might {unknown}
 q - a potion of cancellation {unknown}
 v - a potion of lignification {unknown}
 w - a potion of flight {unknown}
 z - a potion of haste {unknown}
 C - a potion of brilliance {unknown}


   Skills:
 + Level 6.0 Fighting
 + Level 8.7 Long Blades
 - Level 3.2 Dodging


You had 7 spell levels left.
You didn't know any spells.
Your spell library contained the following spells:

 Spells                   Type           Power      Damage    Failure   Level
 Cigotuvi's Dreadful Rot  Necr/Pois/Air  0%         N/A       47%         2
 Dazzling Flash           Conj/Hex       0%         N/A       71%         3
 Ignite Poison            Fire/Tmut/Pois 0%         N/A       71%         3
 Agony                    Necr           0%         N/A       100%        5
 Freezing Cloud           Conj/Ice/Air   0%         6-21      100%        5
 Silence                  Hex/Air        0%         N/A       100%        5


Dungeon Overview and Level Annotations

Branches:
Dungeon (5/15)
 Temple: D:4-7

Altars:
Fedhas
Sif Muna

Annotations:
D:5 Dowan, Duvessa


Innate Abilities, Weirdness & Mutations

You have a beak for a mouth.
You have claws for feet.
Your magical nature lets you fly swiftly and evasively.


Message History

You kill Grinder!
Your Fighting skill increases to level 6!
Your Long Blades skill increases to level 8!
You have reached level 8!
You feel stronger.
C - a purple potion
e - 5 scrolls labelled APNO YSTIAF (gained 1)
You see here 4 stones.
k - 6 scrolls labelled UXETSIN CAOLYC (gained 1)
Found a stone staircase leading down.
Duvessa, Dowan and a gnoll sergeant come into view.
Dowan is wielding a +2 dagger of venom and wearing a +0 robe of willpower.
The gnoll sergeant is wielding a +1 spear of freezing.
Duvessa shouts!
Dowan shouts!
The gnoll sergeant shouts!
You hear a shout! x2
A gnoll comes into view. It is wielding a +0 flail.
A gnoll comes into view. It is wielding a +0 whip.
Dowan gestures at Duvessa while chanting.
Duvessa seems to speed up.
You hear a shout!
A gnoll comes into view. It is wielding a +0 whip.
A gnoll comes into view. It is wielding a +0 spear.
Duvessa hits you with a +0 rapier. Duvessa hits you with a +0 rapier!
Dowan gestures at you while chanting. The puff of flame hits you.
Duvessa says, "My weaknesses are his strengths!"
Duvessa hits you with a +0 rapier! Duvessa attacks as you move away!
Duvessa barely misses you.
A gnoll comes into view. It is wielding a +0 whip.
The gnoll shouts!
Duvessa hits you with a +0 rapier! Duvessa barely misses you.
The gnoll sergeant hits you from afar with a +1 spear of freezing!
* * * LOW HITPOINT WARNING * * *
The gnoll sergeant freezes you.
* * * LOW HITPOINT WARNING * * *
You are confused.
You feel invigorated. The gnoll sergeant misses you.
Duvessa completely misses you.
You hit Dowan but do no damage. Your kick misses Dowan.
Duvessa hits you with a +0 rapier!
You die...

#....#########...........####
#.#..# #......####.####
###.#..# #.............##
#......# #...............
#.#.##.# ######........##
#.#.##.# ##### ..............#
#.#.##.# #...# ..............#
#.#.##.###...##.......########
..#>.........e@.......
###.#..#.#...#e......#
#.##.#.#.#.#g#.#####
#.#......#..ggg.#
..#.#..#...#.#..#
###.#......#g#g.# ..#...##.#.#
... ####......#.. ....
########g. ##


You could see Duvessa (fast), a gnoll sergeant, Dowan and 4 gnolls.

Vanquished Creatures
  Grinder (D:5)
  An ogre (D:4)
  A centaur (D:5)
  A scorpion (D:4)
  A hound (D:5)
  4 orc priests (D:5)
  4 iguanas
  2 orc wizards (D:3)
  3 gnolls
  4 adders
  4 worms
  16 orcs
  5 bats
  6 endoplasms
  4 giant cockroaches
  23 goblins
  8 hobgoblins
  3 jackals (D:4)
  5 kobolds
  2 quokkas
  11 ball pythons
  3 frilled lizards
  2 rats
114 creatures vanquished.

Vanquished Creatures (others)
  7 fungi (D:5)
7 creatures vanquished.

Grand Total: 121 creatures vanquished

Notes
Turn   | Place    | Note
-------+----------+-------------------------------------------
     0 | D:1      | Aneyh the Tengu Monk began the quest for the Orb.
     0 | D:1      | Reached XP level 1. HP: 14/14 MP: 2/2
    20 | D:1      | Reached XP level 2. HP: 18/19 MP: 3/3
   274 | D:1      | Reached XP level 3. HP: 24/24 MP: 4/4
   695 | D:2      | Reached skill level 4 in Long Blades
   856 | D:2      | Found a shimmering blue altar of Sif Muna.
   863 | D:2      | Reached XP level 4. HP: 29/29 MP: 5/5
  1149 | D:3      | Gained mutation: Your magical nature lets you fly swiftly
                  | and evasively. [Tengu growth]
  1149 | D:3      | Reached XP level 5. HP: 11/34 MP: 6/6
  1494 | D:3      | Reached skill level 5 in Long Blades
  2014 | D:3      | Found a blossoming altar of Fedhas.
  2072 | D:4      | Reached skill level 5 in Fighting
  2113 | D:4      | Reached XP level 6. HP: 40/40 MP: 7/7
  2268 | D:4      | Reached skill level 6 in Long Blades
  3083 | D:5      | Entered Level 5 of the Dungeon
  3126 | D:5      | Reached XP level 7. HP: 40/44 MP: 8/8
  3352 | D:5      | Reached skill level 7 in Long Blades
  3643 | D:5      | Noticed Grinder
  3661 | D:5      | Killed Grinder
  3662 | D:5      | Reached skill level 8 in Long Blades
  3662 | D:5      | Reached XP level 8. HP: 27/51 MP: 9/9
  3820 | D:5      | Noticed Duvessa
  3820 | D:5      | Noticed Dowan
  3829 | D:5      | HP: 2/51 [gnoll sergeant/+1 spear of freezing (4)]
  3831 | D:5      | Slain by Duvessa

Illustrated notes

Levels and vault maps discovered:
D:1:      minmay_arrival_diagonal_passages, layout_basic
D:2:      layout_rooms, basic_altar
D:3:      layout_basic, general_overflow_altar
D:4:      layout_cave_pods, minmay_ogre_servants
D:5:      layout_basic, gammafunk_temple_overflow_elements,
          dreamdust_mushroom_princess, minmay_misc_feat_roman, uniq_duvessa,
          uniq_grinder

Skill      XL: |  1  2  3  4  5  6  7 |
---------------+----------------------+-----
Long Blades    | 4 5 6 8 |  8.7
Fighting       | 4 5 6 |  6.0
Dodging        | |  3.2

Action                     |  1- 3 |  4- 6 |  7- 9 || total
---------------------------+-------+-------+-------++-------
  Melee: Falchion          |    57 |   133 |       ||   190
         Kick              |    16 |    52 |    11 ||    79
         Peck              |     7 |    22 |    11 ||    40
         Scimitar          |       |     4 |    50 ||    54
  Throw: Dart              |       |    41 |     1 ||    42
    Use: Potion            |       |     1 |     2 ||     3
 Armour: Robe              |     9 |    24 |     4 ||    37
  Dodge: Dodged            |    44 |    81 |    36 ||   161

Table legend: (Time is in decaauts)
 A = Elapsed time spent in this place.
 B = Non-inter-level travel time spent in this place.
 C = Inter-level travel time spent in this place.
 D = Time resting spent in this place.
 E = Time spent auto-exploring this place.
 F = Levels seen in this place.
 G = Mean time per level.
                   A        B        C        D        E       F      G
               +--------+--------+--------+--------+--------+-----+--------+
         Total |   3688 |   3576 |    112 |    346 |   2516 |   5 |  737.6 |
       Dungeon |   3688 |   3576 |    112 |    346 |   2516 |   5 |  737.6 |
               +--------+--------+--------+--------+--------+-----+--------+

Top non-repeatable levels by time:
     D:4: 1099 daAuts
     D:3: 882 daAuts
     D:1: 649 daAuts
     D:5: 592 daAuts
     D:2: 464 daAuts
